 Dungeon Crawl Stone Soup version 0.21-a0-404-g291f19a (webtiles) character file.

452 sagitran the Slasher (level 6, -9/46 HPs)
             Began as a Demonspawn Gladiator on Oct 29, 2017.
             Mangled by an ogre
             ... wielding a +0 giant club
              (12 damage)
             ... on level 3 of the Dungeon.
             The game lasted 00:32:19 (5436 turns).

sagitran the Slasher (Demonspawn Gladiator)         Turns: 5436, Time: 00:32:19

Health: -9/46      AC:  4    Str: 16    XL:     6   Next: 75%
Magic:  6/6        EV: 12    Int: 10    God:
Gold:   169        SH:  0    Dex: 14    Spells: 3/5 levels left

rFire    . . .     SeeInvis .   a - +0 long sword
rCold    . . .     Gourm    .   (no shield)
rNeg     . . .     Faith    .   b - +0 leather armour
rPois    .         Spirit   .   (helmet restricted)
rElec    .         Reflect  .   g - +0 cloak
rCorr    .         Harm     .   (no gloves)
MR       .....                  (no boots)
Stlth    +++.......             (no amulet)
HPRegen  0.15/turn              (no ring)
MPRegen  0.10/turn              (no ring)

@: drained
A: antennae 1, claws 1, talons 1, nightstalker 1
a: no special abilities


You were on level 3 of the Dungeon.
You were not hungry.

You visited 1 branch of the dungeon, and saw 4 of its levels.

You collected 169 gold pieces.

Inventory:

Hand Weapons
 a - a +0 long sword (weapon)
Missiles
 d - 4 throwing nets
 t - 5 poisoned tomahawks (quivered)
Armour
 b - a +0 leather armour (worn)
 g - a +0 cloak (worn)
Scrolls
 h - a scroll of amnesia {unknown}
 i - a scroll of remove curse
 n - 2 scrolls of fog
 o - a scroll of identify
 q - a scroll of enchant armour {unknown}
 r - a scroll of noise {unknown}
 s - a scroll of random uselessness {unknown}
Potions
 c - a potion of degeneration {unknown}
 e - a potion of flight
 j - 2 potions of curing {unknown}
 k - a potion of haste {unknown}
 l - 2 potions of magic
 v - 2 potions of invisibility {unknown}
Books
 f - a book of Minor Magic

   Spells                             Type                      Level
   a - Magic Dart                     Conjuration                  1
   b - Blink                          Translocation                2
   c - Call Imp                       Summoning                    2
   d - Slow                           Hexes                        2
   e - Conjure Flame                  Conjuration/Fire             3
   f - Mephitic Cloud                 Conjuration/Poison/Air       3
 m - a book of Maledictions

   Spells                             Type                      Level
   a - Corona                         Hexes                        1
   b - Ensorcelled Hibernation        Hexes/Ice                    2
   c - Confuse                        Hexes                        3
   d - Tukima's Dance                 Hexes                        3
   e - Dazzling Spray                 Conjuration/Hexes            3
Comestibles
 p - 4 chunks of flesh
 u - a bread ration


   Skills:
 + Level 2.9(2.2) Fighting
 + Level 5.3(4.5) Long Blades
 + Level 2.1(1.4) Throwing
 + Level 2.1(1.4) Armour
 + Level 3.2(2.5) Dodging
 + Level 2.0(1.3) Stealth
 + Level 0.1(0.0) Spellcasting


You had 3 spell levels left.
You knew the following spells:

 Your Spells              Type           Power        Failure   Level  Hunger
a - Ensorcelled Hibernat  Hex/Ice        #.....       56%         2    ###....


Dungeon Overview and Level Annotations

Branches:
Dungeon (4/15)
 Temple: D:4-7

Altars:
Cheibriados

Annotations:
D:3 Sigmund


Innate Abilities, Weirdness & Mutations

You have a pair of small antennae on your head.
You have sharp fingernails.
You have sharp toenails.
You are slightly more attuned to the shadows.


Message History

The orc hits you but does no damage.
You hit the orc.
You kill the orc!
The ogre hits you with a giant club!!
You climb upwards.
Level annotation: Sigmund
There is a stone staircase leading down here.
The ogre hits you with a giant club!!
* * * LOW HITPOINT WARNING * * *
You climb downwards.
There is a stone staircase leading up, spattered with blood here.
Okay, then.
As you read the scroll of fog, it crumbles to dust.
The scroll dissolves into smoke.
The ogre barely misses you.
You climb upwards.
Level annotation: Sigmund
There is a stone staircase leading down, spattered with blood here.
As you read the scroll of fog, it crumbles to dust.
The scroll dissolves into smoke.
The ogre hits you with a giant club!
You die...

......### #.##'#########.#
......#######..#.........#.#
.....##.....##.#......##.#.#
......'...).'.........##.#.#
#######.....##........##.#.#
.#
#.....###......=##.#.######
.# #.....#
#§§#######.#....... .#
#.....# #O§# #.#######. .#
#.....# ##@# #.# #. .#
#.....# ### #.#######. .#
#....)# #......... .#
####### #.######## ## #.#
#.# #.# #.# ###


You could see an ogre.

Vanquished Creatures
  3 orc priests (D:4)
  4 orc wizards (D:4)
  Natasha (twice) (D:2)
  A worker ant (D:4)
  Robin (D:1)
  6 adders
  3 worms
  3 dart slugs
  A leopard gecko (D:3)
  12 orcs
  6 bats
  2 giant cockroaches
  19 goblins
  9 hobgoblins
  3 jackals (D:3)
  4 kobolds
  2 quokkas
  8 frilled lizards
  A quokka skeleton (D:4)
  8 rats
98 creatures vanquished.

Notes
Turn   | Place    | Note
-------+----------+-------------------------------------------
     0 | D:1      | sagitran the Demonspawn Gladiator began the quest for the Orb.
     0 | D:1      | Reached XP level 1. HP: 16/16 MP: 1/1
   170 | D:1      | Reached skill level 3 in Long Blades
   425 | D:1      | Gained mutation: You are slightly more attuned to the shadows. [demonic ancestry]
   425 | D:1      | Reached XP level 2. HP: 22/22 MP: 2/2
  1067 | D:2      | Gained mutation: You have a pair of small antennae on your head. [demonic ancestry]
  1067 | D:2      | Reached XP level 3. HP: 27/27 MP: 3/3
  1243 | D:2      | Noticed Robin
  1396 | D:1      | Killed Robin
  1579 | D:2      | Gained mutation: You have sharp fingernails. [demonic ancestry]
  1579 | D:2      | Reached XP level 4. HP: 33/33 MP: 4/4
  1627 | D:2      | Reached skill level 4 in Long Blades
  1655 | D:2      | Noticed Natasha
  1866 | D:2      | Killed Natasha
  2119 | D:2      | Found a snail-covered altar of Cheibriados.
  2359 | D:2      | Reached skill level 1 in Armour
  2715 | D:3      | Gained mutation: You have sharp toenails. [demonic ancestry]
  2715 | D:3      | Reached XP level 5. HP: 33/39 MP: 5/5
  2835 | D:3      | Noticed Sigmund
  2916 | D:2      | Noticed Natasha
  2922 | D:2      | Killed Natasha
  2922 | D:2      | Reached skill level 1 in Stealth
  3132 | D:3      | Learned a level 2 spell: Ensorcelled Hibernation
  4221 | D:4      | Noticed a phantom
  4731 | D:4      | Reached skill level 5 in Long Blades
  4731 | D:4      | Reached XP level 6. HP: 37/46 MP: 6/6
  5431 | D:3      | HP: 2/46 [ogre/giant club (22)]
  5436 | D:3      | Mangled by an ogre

Vault maps used:
D:1:      dpeg_arrival_concentric_ovals, serial_park_tiny_2, dk_noncrumbling_4,
          corexii_corridor_pit
D:2:      kennysheep_crisscross, kennysheep_slug_shrine, uniq_robin,
          uniq_natasha
D:3:      uniq_sigmund
D:4:      first_bread, grunt_ministairs_15, amethyst_killhole

Skill      XL: |  1  2  3  4  5  6 |
---------------+-------------------+-----
Long Blades    | 3 4 5 |  5.3
Dodging        | 3 |  3.2
Armour         | 1 2 |  2.1
Stealth        | 1 2 |  2.0
Throwing       | 2 |  2.1
Fighting       | |  2.9
Spellcasting   | |  0.1

Action                   |  1- 3 |  4- 6 || total
-------------------------+-------+-------++-------
Melee: Long sword        |    78 |   181 ||   259
       Kick              |       |    28 ||    28
Throw: Throwing net      |     2 |     2 ||     4
       Tomahawk          |       |    15 ||    15
 Cast: Ensorcelled Hiber |       |     1 ||     1
  Use: Scroll            |       |     9 ||     9
       Potion            |       |     2 ||     2
 Stab: Sleeping          |     6 |    13 ||    19
       Distracted        |       |     2 ||     2
  Eat: Chunk             |     2 |     6 ||     8
       Bread ration      |       |     1 ||     1
       Royal jelly       |       |     1 ||     1
Armor: Leather armour    |    25 |    28 ||    53
Dodge: Dodged            |    64 |   106 ||   170
       Rpst.: Long sword |    27 |    23 ||    50

Table legend:
 A = Spawn XP
 B = Non-spawn XP
 C = Spawn XP percentage of total XP
 D = Spawn monster count
 E = Non-spawn monster count
 F = Spawn count percentage of total count
 G = Total turns spent on level
                    A         B        C        D         E        F      G
               +---------+---------+-------+---------+---------+-------+---------
         Total |       0 |     646 |   0.0 |       0 |      98 |   0.0 |  5436
               +---------+---------+-------+---------+---------+-------+---------
           D:1 |       0 |      52 |   0.0 |       0 |      22 |   0.0 |  1206
           D:2 |       0 |     167 |   0.0 |       0 |      33 |   0.0 |  1622
           D:3 |       0 |      93 |   0.0 |       0 |      27 |   0.0 |  1789
           D:4 |       0 |     334 |   0.0 |       0 |      16 |   0.0 |   819
               +---------+---------+-------+---------+---------+-------+---------
